Jets vs Penguins

Created - January 13, 2021 at 19:33

Goals
1 2 3 T
Jets 1 1 4 6
Penguins 1 1 0 2
Shots
1 2 3 T
Jets 12 7 19 38
Penguins 18 19 10 47

1st period

1. Jets , Kevin Hayes 7 (Erik Haula 12, Nikolaj Ehlers 1) at 11:54
2. Penguins , Andrew Cogliano 16 (Logan Couture 7, Alexei Marchenko 6) at 13:52

Penalties :
Derek Stepan (Win) for Roughing (Minor) at 8:56, Jaccob Slavin (Win) for Hooking (Minor) at 14:46

2nd period

3. Jets , Tyler Myers 3 (Marco Scandella 13, Kari Lehtonen) at 6:22
4. Penguins , Mark Stone 1 (Andrew Cogliano 18, Logan Couture 8) at 14:37

Penalties :
Andreas Martinsen (Pit) for Hooking (Minor) at 8:07

3rd period

5. Jets , Adam Henrique 18 (Ryan Johansen 31) at 0:47 (PP)
6. Jets , Frank Vatrano 1 (Ronalds Kenins 3, Noel Acciari 4) at 5:47
7. Jets , Ryan Johansen 19 (Nino Niederreiter 22, Adam Henrique 18) at 8:15
8. Jets , Ryan Johansen 20 (Jacob Trouba 8, Jaccob Slavin 9) at 8:54

Penalties :
Sean Zimmerman (Pit) for Hooking (Minor) at 0:43, Alexei Marchenko (Pit) for Hooking (Minor) at 10:22, Joe Colborne (Pit) for Tripping (Minor) at 16:07, Keith Aulie (Pit) for Hooking (Minor) at 18:30, Marcus Foligno (Pit) for Tripping (Minor) at 18:53

Goalie Stats

Kari Lehtonen (Win), 45 saves from 47 shots - (0.957), W, 12-7-1, 60:00 minutes
Michal Neuvirth (Pit), 32 saves from 38 shots - (0.842), L, 13-13-3, 60:00 minutes

Players Stats for Jets

Player Name              G  A  P  +/- PIM S  H  SB GA TA FO     MP     PP MP  PK MP  
------------------------------------------------------------------------------------
Adam Henrique            1  1  2   3  0   4  0  2  2  0  1/2    22:05   4:59   0:28 
Corey Perry              0  0  0   0  0   3  2  0  0  0  0/0    18:06   2:31   0:00 
Derek Stepan             0  0  0   0  2   4  2  0  0  0  11/18  18:08   2:31   0:00 
Erik Haula               0  1  1   1  0   1  1  0  0  0  3/4    11:05   0:00   1:34 
Frank Vatrano            1  0  1  -1  0   1  1  0  0  0  0/0     6:51   0:00   0:00 
Jaccob Slavin            0  1  1   3  2   0  3  2  1  2  0/0    24:06   5:23   0:00 
Jacob Trouba             0  1  1   3  0   1  2  3  0  1  0/0    21:34   2:07   1:19 
Kevin Hayes              1  0  1   1  0   3  1  0  0  0  0/0     9:21   0:00   0:00 
Marco Scandella          0  1  1   0  0   1  1  2  0  1  0/0    27:36   5:23   2:02 
Marcus Johansson         0  0  0   0  0   2  1  0  0  1  0/0    18:06   2:31   0:00 
Michael Matheson         0  0  0   0  0   0  0  1  0  0  0/0     9:58   0:00   0:37 
Nikolaj Ehlers           0  1  1   1  0   1  1  0  1  0  1/1     9:21   0:00   0:00 
Nino Niederreiter        0  1  1   3  0   4  1  0  0  2  2/3    22:47   4:59   1:06 
Noel Acciari             0  1  1  -1  0   1  1  0  1  0  3/6     9:15   0:00   2:24 
Robert Hagg              0  0  0   0  0   0  0  1  0  1  0/0    12:56   0:00   2:02 
Ronalds Kenins           0  1  1  -1  0   2  3  0  0  0  0/0     9:15   0:00   2:24 
Ryan Johansen            2  1  3   3  0   6  0  0  1  0  18/40  21:34   4:59   0:00 
Tyler Myers              1  0  1   0  0   4  2  2  0  0  0/0    23:56   2:07   1:56 

Players Stats for Penguins

Player Name              G  A  P  +/- PIM S  H  SB GA TA FO     MP     PP MP  PK MP  
------------------------------------------------------------------------------------
Alexei Marchenko         0  1  1   1  2   1  1  2  0  1  0/0    11:33   0:00   0:01 
Andreas Martinsen        0  0  0  -1  2   2  2  0  0  0  0/0     6:58   0:00   0:00 
Andrew Cogliano          1  1  2   1  0   10 1  0  3  0  0/1    16:16   2:25   1:03 
Danny DeKeiser           0  0  0  -2  0   1  1  5  0  0  0/0    19:54   0:35   2:04 
Dustin Brown             0  0  0  -1  0   0  0  0  0  0  0/0    12:43   0:00   1:16 
Eric Gryba               0  0  0   1  0   1  1  0  0  1  0/0    11:33   0:00   0:00 
Joe Colborne             0  0  0  -1  2   1  0  0  1  0  0/4    12:32   0:00   1:01 
Keith Aulie              0  0  0  -3  2   1  2  1  1  0  0/0    22:30   2:34   1:59 
Logan Couture            0  2  2   1  0   5  0  1  0  0  15/29  20:23   2:25   5:11 
Marcus Foligno           0  0  0  -2  2   3  1  0  1  1  0/1    23:01   1:33   4:04 
Mark Stone               1  0  1   1  0   4  2  1  0  0  0/0    15:07   2:25   0:00 
Nikita Kucherov          0  0  0  -2  0   4  0  0  0  0  2/3    18:52   1:33   0:00 
Sean Monahan             0  0  0  -1  0   3  0  0  1  0  2/3     6:53   0:00   0:00 
Sean Zimmerman           0  0  0  -2  2   0  2  2  0  1  0/0    28:32   3:23   5:26 
Steven Stamkos           0  0  0  -2  0   4  1  2  1  0  16/33  20:16   1:33   1:18 
Thomas Vanek             0  0  0  -1  0   2  0  0  0  1  0/0    11:27   0:00   0:00 
Travis Hamonic           0  0  0  -1  0   3  1  0  0  1  0/0    25:55   1:24   5:30 
Viktor Arvidsson         0  0  0  -1  0   2  0  0  0  0  0/0     6:53   0:00   0:00 

3 Stars

1 - Ryan Johansen (Win)
2 - Kari Lehtonen (Win)
3 - Adam Henrique (Win)

Power Play

Jets - 1 on 6 Attempt(s) - 16.67%
Penguins - 0 on 2 Attempt(s) - 0.00%

Penalty Kill

Jets - 2 on 2 Attempt(s) - 100.00% - Score 0 goal in Penalty Kill
Penguins - 5 on 6 Attempt(s) - 83.33% - Score 0 goal in Penalty Kill

Team Stat

Jets - Hits : 22 - Faceoff Wins : 39 - Blocked Shots : 13 - Penalty Minutes : 4
Penguins - Hits : 15 - Faceoff Wins : 35 - Blocked Shots : 14 - Penalty Minutes : 12

Official

Referees : Unknown
Linesman : Unknown

Game Notes

Michael Matheson is injured at 12:42 of 3rd period (Bruised Left Shoulder)

Finance

Level 1 -- Attendance: 4190 (69.83%) -- Ticket Income $502,800
Level 2 -- Attendance: 3613 (72.26%) -- Ticket Income $252,910
Level 3 -- Attendance: 1564 (78.20%) -- Ticket Income $70,380
Level 4 -- Attendance: 2901 (72.53%) -- Ticket Income $101,535
Luxury Box -- Attendance: 730 (73.00%) -- Ticket Income $146,000
Game was played at the Igloo.
Total Attendance: 12998 (72.21%)
Total Ticket Income: $1,073,625
Other Income: $161,044
Total Income: $1,234,669

Jets

5 vs 5 Forward 
   Center                   Left Wing                Right Wing               Time % Phy DF OF 
 1 Ryan Johansen            Adam Henrique            Nino Niederreiter        36     1   2  2  
 2 Derek Stepan             Marcus Johansson         Corey Perry              34     1   2  2  
 3 Erik Haula               Nikolaj Ehlers           Kevin Hayes              18     1   2  2  
 4 Noel Acciari             Ronalds Kenins           Frank Vatrano            12     1   2  2  

5 vs 5 Defense 
   Defense                  Defense                                           Time % Phy DF OF 
 1 Marco Scandella          Tyler Myers                                       40     1   2  2  
 2 Jaccob Slavin            Jacob Trouba                                      30     1   2  2  
 3 Michael Matheson         Robert Hagg                                       20     0   3  2  
 4 Jacob Trouba             Jaccob Slavin                                     10     2   2  1  

PowerPlay Forward 
   Center                   Left Wing                Right Wing               Time % Phy DF OF 
 1 Ryan Johansen            Adam Henrique            Nino Niederreiter        55     0   0  5  
 2 Derek Stepan             Marcus Johansson         Corey Perry              45     0   0  5  

PowerPlay Defense
   Defense                  Defense                                           Time % Phy DF OF 
 1 Jaccob Slavin            Marco Scandella                                   60     0   1  4  
 2 Jacob Trouba             Tyler Myers                                       40     0   1  4  

Penalty Kill 4 Players Forward 
   Center                   Wing                     Time % Phy DF OF 
 1 Noel Acciari             Ronalds Kenins           60     1   3  1  
 2 Erik Haula               Nino Niederreiter        40     1   3  1  

Penalty Kill 4 Players Defense
   Defense                  Defense                  Time % Phy DF OF 
 1 Jacob Trouba             Tyler Myers              60     1   4  0  
 2 Robert Hagg              Marco Scandella          40     1   4  0  

Penalty Kill - 3 Players Forward 
   Forward                                           Time % Phy DF OF 
 1 Erik Haula                                        60     1   2  2  
 2 Nino Niederreiter                                 40     1   2  2  

Penalty Kill - 3 Players Defense
   Defense                  Defense                  Time % Phy DF OF 
 1 Tyler Myers              Jacob Trouba             60     1   2  2  
 2 Marco Scandella          Robert Hagg              40     1   2  2  

4 vs 4 Forward 
   Center                   Wing                     Time % Phy DF OF 
 1 Ryan Johansen            Adam Henrique            60     1   2  2  
 2 Derek Stepan             Nino Niederreiter        40     1   2  2  

4 vs 4 Defense
   Defense                  Defense                  Time % Phy DF OF 
 1 Marco Scandella          Tyler Myers              60     1   2  2  
 2 Jacob Trouba             Jaccob Slavin            40     1   2  2  

Last Minutes Offensive
   Center                   Left Wing                Right Wing               Defense                  Defense                  
   Ryan Johansen            Adam Henrique            Corey Perry              Marco Scandella          Tyler Myers              

Last Minutes Defensive
   Center                   Left Wing                Right Wing               Defense                  Defense                  
   Ryan Johansen            Erik Haula               Nino Niederreiter        Marco Scandella          Tyler Myers              

Goaltenders
Starting : Kari Lehtonen            
Backup : Jonathan Bernier         

Extra Forwards
Normal : Nino Niederreiter, Corey Perry, Adam Henrique - PP : Nino Niederreiter, Corey Perry - PK : Nino Niederreiter
Extra Defensemen
Normal : Jaccob Slavin, Marco Scandella, Jacob Trouba - PP : Tyler Myers - PK : Michael Matheson, Marco Scandella
Penalty Shots
Nino Niederreiter, Corey Perry, Adam Henrique, Ryan Johansen, Erik Haula

Scratches
None

Penguins

5 vs 5 Forward 
   Center                   Left Wing                Right Wing               Time % Phy DF OF 
 1 Steven Stamkos           Marcus Foligno           Nikita Kucherov          40     0   2  3  
 2 Logan Couture            Andrew Cogliano          Mark Stone               30     0   2  3  
 3 Joe Colborne             Thomas Vanek             Dustin Brown             20     0   2  3  
 4 Sean Monahan             Andreas Martinsen        Viktor Arvidsson         10     0   2  3  

5 vs 5 Defense 
   Defense                  Defense                                           Time % Phy DF OF 
 1 Sean Zimmerman           Travis Hamonic                                    40     1   2  2  
 2 Danny DeKeiser           Keith Aulie                                       30     1   2  2  
 3 Alexei Marchenko         Eric Gryba                                        20     1   2  2  
 4 Sean Zimmerman           Keith Aulie                                       10     1   2  2  

PowerPlay Forward 
   Center                   Left Wing                Right Wing               Time % Phy DF OF 
 1 Steven Stamkos           Marcus Foligno           Nikita Kucherov          60     0   1  4  
 2 Logan Couture            Andrew Cogliano          Mark Stone               40     0   1  4  

PowerPlay Defense
   Defense                  Defense                                           Time % Phy DF OF 
 1 Sean Zimmerman           Travis Hamonic                                    60     0   2  3  
 2 Danny DeKeiser           Keith Aulie                                       40     0   2  3  

Penalty Kill 4 Players Forward 
   Center                   Wing                     Time % Phy DF OF 
 1 Logan Couture            Marcus Foligno           60     1   3  1  
 2 Joe Colborne             Dustin Brown             40     1   3  1  

Penalty Kill 4 Players Defense
   Defense                  Defense                  Time % Phy DF OF 
 1 Sean Zimmerman           Travis Hamonic           60     1   3  1  
 2 Danny DeKeiser           Keith Aulie              40     1   3  1  

Penalty Kill - 3 Players Forward 
   Forward                                           Time % Phy DF OF 
 1 Logan Couture                                     60     1   3  1  
 2 Joe Colborne                                      40     1   3  1  

Penalty Kill - 3 Players Defense
   Defense                  Defense                  Time % Phy DF OF 
 1 Sean Zimmerman           Travis Hamonic           60     1   3  1  
 2 Danny DeKeiser           Keith Aulie              40     1   3  1  

4 vs 4 Forward 
   Center                   Wing                     Time % Phy DF OF 
 1 Steven Stamkos           Nikita Kucherov          60     0   2  3  
 2 Logan Couture            Andrew Cogliano          40     0   2  3  

4 vs 4 Defense
   Defense                  Defense                  Time % Phy DF OF 
 1 Sean Zimmerman           Travis Hamonic           60     1   2  2  
 2 Danny DeKeiser           Keith Aulie              40     1   2  2  

Last Minutes Offensive
   Center                   Left Wing                Right Wing               Defense                  Defense                  
   Steven Stamkos           Andrew Cogliano          Nikita Kucherov          Sean Zimmerman           Travis Hamonic           

Last Minutes Defensive
   Center                   Left Wing                Right Wing               Defense                  Defense                  
   Logan Couture            Andrew Cogliano          Dustin Brown             Sean Zimmerman           Travis Hamonic           

Goaltenders
Starting : Michal Neuvirth          
Backup : Sergei Bobrovsky         

Extra Forwards
Normal : Steven Stamkos, Nikita Kucherov, Andrew Cogliano - PP : Steven Stamkos, Andrew Cogliano - PK : Logan Couture
Extra Defensemen
Normal : Sean Zimmerman, Danny DeKeiser, Alexei Marchenko - PP : Keith Aulie - PK : Sean Zimmerman, Danny DeKeiser
Penalty Shots
Andrew Cogliano, Logan Couture, Marcus Foligno, Nikita Kucherov, Steven Stamkos

Scratches
Marian Hossa (Healthy)

% Time on Ice - Jets

Lines # - Real PCT - Wanted PCT - Time Play
Normal Forward
1 - 34% - 36% - 16:38
2 - 32% - 34% - 15:42
3 - 19% - 18% - 9:21
4 - 14% - 12% - 6:51
Normal Defense
1 - 40% - 40% - 19:30
2 - 31% - 30% - 14:49
3 - 22% - 20% - 10:44
4 - 7% - 10% - 3:29
PP Forward
1 - 66% - 55% - 4:59
2 - 34% - 45% - 2:31
PP Defense
1 - 72% - 60% - 5:23
2 - 28% - 40% - 2:07
PK Forward
1 - 72% - 60% - 2:52
2 - 28% - 40% - 1:06
PK Defense
1 - 49% - 60% - 1:56
2 - 51% - 40% - 2:02
PK3 Forward
1 - 0% - 60%
2 - 0% - 40%
PK3 Defense
1 - 0% - 60%
2 - 0% - 40%
44 Forward
1 - 0% - 60%
2 - 0% - 40%
44 Defense
1 - 0% - 60%
2 - 0% - 40%
Last Minute Offensive  - 0:00
Last Minute Defensive  - 0:00
Total
Forward - 60:00
Defense - 60:00

% Time on Ice - Penguins

Lines # - Real PCT - Wanted PCT - Time Play
Normal Forward
1 - 36% - 40% - 17:30
2 - 26% - 30% - 12:42
3 - 24% - 20% - 11:27
4 - 14% - 10% - 6:53
Normal Defense
1 - 39% - 40% - 19:04
2 - 30% - 30% - 14:44
3 - 24% - 20% - 11:33
4 - 7% - 10% - 3:11
PP Forward
1 - 39% - 60% - 1:33
2 - 61% - 40% - 2:25
PP Defense
1 - 85% - 60% - 3:23
2 - 15% - 40% - 0:35
PK Forward
1 - 80% - 60% - 5:08
2 - 20% - 40% - 1:16
PK Defense
1 - 69% - 60% - 4:25
2 - 31% - 40% - 1:59
PK3 Forward
1 - 98% - 60% - 1:05
2 - 2% - 40% - 0:01
PK3 Defense
1 - 98% - 60% - 1:05
2 - 2% - 40% - 0:01
44 Forward
1 - 0% - 60%
2 - 0% - 40%
44 Defense
1 - 0% - 60%
2 - 0% - 40%
Last Minute Offensive  - 0:00
Last Minute Defensive  - 0:00
Total
Forward - 60:00
Defense - 60:00

Play-by-Play

1st period


0:01 of 1st period - Nikita Kucherov wins face-off versus Ryan Johansen in neutral zone.
0:12 of 1st period - Snap shot by Steven Stamkos.
0:12 of 1st period - Shot Blocked by Tyler Myers.
0:14 of 1st period - Slapshot by Sean Zimmerman.
0:14 of 1st period - Deflect By Nikita Kucherov.
0:14 of 1st period - Shot Blocked by Adam Henrique.
0:14 of 1st period - Puck is out of play.
0:15 of 1st period - Derek Stepan wins face-off versus Logan Couture in Jets zone.
0:20 of 1st period - Derek Stepan is hit by Danny DeKeiser.
0:24 of 1st period - Logan Couture is hit by Jacob Trouba.
0:27 of 1st period - Off-side.
0:28 of 1st period - Erik Haula wins face-off versus Joe Colborne in neutral zone.
0:57 of 1st period - Snap shot by Noel Acciari.
0:57 of 1st period - Shot Blocked by Alexei Marchenko.
1:05 of 1st period - Wrist shot by Ronalds Kenins.
1:05 of 1st period - Stopped by Michal Neuvirth without a rebound.
1:06 of 1st period - Derek Stepan wins face-off versus Nikita Kucherov in Penguins zone.
1:13 of 1st period - Snap shot by Corey Perry.
1:13 of 1st period - Stopped by Michal Neuvirth with a rebound.
2:26 of 1st period - Slapshot by Noel Acciari.
2:26 of 1st period - Stopped by Michal Neuvirth with a rebound.
2:36 of 1st period - Wrist shot by Steven Stamkos.
2:36 of 1st period - Shot Misses the Net.
3:10 of 1st period - Snap shot by Andrew Cogliano.
3:10 of 1st period - Stopped by Kari Lehtonen with a rebound.
3:18 of 1st period - Wrist shot by Andrew Cogliano.
3:18 of 1st period - Stopped by Kari Lehtonen with a rebound.
3:20 of 1st period - Snap shot by Mark Stone.
3:20 of 1st period - Stopped by Kari Lehtonen with a rebound.
3:22 of 1st period - Snap shot by Logan Couture.
3:22 of 1st period - Shot Misses the Net.
3:34 of 1st period - Wrist shot by Nikolaj Ehlers.
3:34 of 1st period - Shot Misses the Net.
3:42 of 1st period - Snap shot by Erik Haula.
3:42 of 1st period - Stopped by Michal Neuvirth with a rebound.
3:44 of 1st period - Snap shot by Kevin Hayes.
3:44 of 1st period - Stopped by Michal Neuvirth with a rebound.
4:39 of 1st period - Nino Niederreiter is hit by Andrew Cogliano and loses puck.
5:08 of 1st period - Erik Haula is hit by Marcus Foligno and loses puck.
5:15 of 1st period - Steven Stamkos is hit by Kevin Hayes and loses puck.
5:28 of 1st period - Slapshot by Joe Colborne.
5:28 of 1st period - Stopped by Kari Lehtonen with a rebound.
5:34 of 1st period - Slapshot by Joe Colborne.
5:34 of 1st period - Shot Blocked by Michael Matheson.
5:36 of 1st period - Slapshot by Eric Gryba.
5:36 of 1st period - Shot Blocked by Robert Hagg.
5:38 of 1st period - Slapshot by Alexei Marchenko.
5:38 of 1st period - Stopped by Kari Lehtonen with a rebound.
7:56 of 1st period - Joe Colborne is hit by Corey Perry.
8:06 of 1st period - Travis Hamonic is hit by Marcus Johansson and loses puck.
8:35 of 1st period - Snap shot by Corey Perry.
8:35 of 1st period - Shot Blocked by Danny DeKeiser.
8:56 of 1st period - Minor Penalty to Derek Stepan for Roughing.
8:57 of 1st period - Steven Stamkos wins face-off versus Noel Acciari in Jets zone.
9:30 of 1st period - Snap shot by Andrew Cogliano.
9:30 of 1st period - Stopped by Kari Lehtonen without a rebound.
9:31 of 1st period - Erik Haula wins face-off versus Logan Couture in Jets zone.
10:07 of 1st period - Wrist shot by Logan Couture.
10:07 of 1st period - Shot Misses the Net.
10:56 of 1st period - Penalty to Derek Stepan is over, Derek Stepan is back on ice.
10:58 of 1st period - Wrist shot by Mark Stone.
10:58 of 1st period - Stopped by Kari Lehtonen without a rebound.
10:59 of 1st period - Steven Stamkos wins face-off versus Ryan Johansen in Jets zone.
11:00 of 1st period - Snap shot by Nikita Kucherov.
11:00 of 1st period - Stopped by Kari Lehtonen without a rebound.
11:01 of 1st period - Steven Stamkos wins face-off versus Ryan Johansen in Jets zone.
11:06 of 1st period - Snap shot by Nikita Kucherov.
11:06 of 1st period - Shot Blocked by Jaccob Slavin.
11:08 of 1st period - Slapshot by Eric Gryba.
11:08 of 1st period - Stopped by Kari Lehtonen without a rebound.
11:09 of 1st period - Ryan Johansen wins face-off versus Steven Stamkos in Jets zone.
11:48 of 1st period - Snap shot by Ryan Johansen.
11:48 of 1st period - Stopped by Michal Neuvirth without a rebound.
11:49 of 1st period - Nikolaj Ehlers wins face-off versus Sean Monahan in Penguins zone.
11:50 of 1st period - Snap shot by Erik Haula.
11:50 of 1st period - Shot Misses the Net.
11:52 of 1st period - Snap shot by Kevin Hayes.
11:52 of 1st period - Shot Hit the Post.
11:54 of 1st period - Wrist shot by Kevin Hayes.
11:54 of 1st period - Goal by Kevin Hayes - Jets : 1 - Penguins : 0.
11:55 of 1st period - Logan Couture wins face-off versus Ryan Johansen in neutral zone.
12:12 of 1st period - Snap shot by Adam Henrique.
12:12 of 1st period - Stopped by Michal Neuvirth without a rebound.
12:13 of 1st period - Erik Haula wins face-off versus Steven Stamkos in Penguins zone.
12:14 of 1st period - Slapshot by Kevin Hayes.
12:14 of 1st period - Shot Blocked by Keith Aulie.
12:24 of 1st period - Slapshot by Keith Aulie.
12:24 of 1st period - Shot Misses the Net.
12:40 of 1st period - Andrew Cogliano is hit by Nino Niederreiter and loses puck.
12:51 of 1st period - Wrist shot by Ryan Johansen.
12:51 of 1st period - Deflect By Nino Niederreiter.
12:51 of 1st period - Stopped by Michal Neuvirth with a rebound.
12:53 of 1st period - Slapshot by Nino Niederreiter.
12:53 of 1st period - Stopped by Michal Neuvirth with a rebound.
13:50 of 1st period - Wrist shot by Logan Couture.
13:50 of 1st period - Stopped by Kari Lehtonen with a rebound.
13:52 of 1st period - Snap shot by Andrew Cogliano.
13:52 of 1st period - Goal by Andrew Cogliano - Jets : 1 - Penguins : 1.
13:53 of 1st period - Ryan Johansen wins face-off versus Steven Stamkos in neutral zone.
13:55 of 1st period - Off-side.
13:56 of 1st period - Steven Stamkos wins face-off versus Ryan Johansen in neutral zone.
14:05 of 1st period - Slapshot by Nikita Kucherov.
14:05 of 1st period - Stopped by Kari Lehtonen with a rebound.
14:13 of 1st period - Snap shot by Nino Niederreiter.
14:13 of 1st period - Shot Blocked by Danny DeKeiser.
14:29 of 1st period - Slapshot by Andrew Cogliano.
14:29 of 1st period - Stopped by Kari Lehtonen without a rebound.
14:30 of 1st period - Logan Couture wins face-off versus Derek Stepan in Jets zone.
14:44 of 1st period - Slapshot by Andrew Cogliano.
14:44 of 1st period - Stopped by Kari Lehtonen with a rebound.
14:46 of 1st period - Minor Penalty to Jaccob Slavin for Hooking.
14:47 of 1st period - Noel Acciari wins face-off versus Steven Stamkos in Jets zone.
14:53 of 1st period - Icing by Travis Hamonic.
14:54 of 1st period - Noel Acciari wins face-off versus Steven Stamkos in Penguins zone.
15:29 of 1st period - Wrist shot by Steven Stamkos.
15:29 of 1st period - Shot Misses the Net.
15:58 of 1st period - Icing by Sean Zimmerman.
15:59 of 1st period - Noel Acciari wins face-off versus Logan Couture in Penguins zone.
16:02 of 1st period - Snap shot by Ronalds Kenins.
16:02 of 1st period - Shot Misses the Net.
16:04 of 1st period - Snap shot by Erik Haula.
16:04 of 1st period - Shot Misses the Net.
16:06 of 1st period - Wrist shot by Nino Niederreiter.
16:06 of 1st period - Shot Misses the Net.
16:08 of 1st period - Slapshot by Tyler Myers.
16:08 of 1st period - Stopped by Michal Neuvirth with a rebound.
16:10 of 1st period - Slapshot by Tyler Myers.
16:10 of 1st period - Stopped by Michal Neuvirth without a rebound.
16:11 of 1st period - Steven Stamkos wins face-off versus Noel Acciari in Penguins zone.
16:11 of 1st period - Steven Stamkos is hit by Tyler Myers.
16:19 of 1st period - Keith Aulie is hit by Ronalds Kenins and loses puck.
16:46 of 1st period - Penalty to Jaccob Slavin is over, Jaccob Slavin is back on ice.
17:23 of 1st period - Alexei Marchenko is hit by Marco Scandella and loses puck.
17:48 of 1st period - Snap shot by Joe Colborne.
17:48 of 1st period - Shot Misses the Net.
18:16 of 1st period - Slapshot by Andrew Cogliano.
18:16 of 1st period - Stopped by Kari Lehtonen with a rebound.
18:18 of 1st period - Slapshot by Travis Hamonic.
18:18 of 1st period - Stopped by Kari Lehtonen with a rebound.
18:20 of 1st period - Slapshot by Travis Hamonic.
18:20 of 1st period - Stopped by Kari Lehtonen without a rebound.
18:21 of 1st period - Steven Stamkos wins face-off versus Ryan Johansen in Jets zone.
18:52 of 1st period - Marcus Johansson is hit by Mark Stone and loses puck.
19:15 of 1st period - Slapshot by Keith Aulie.
19:15 of 1st period - Stopped by Kari Lehtonen with a rebound.
Goals for this period are 1 for Jets vs 1 for Penguins.
Shots for this period are 12 for Jets vs 18 for Penguins.

2nd period


0:01 of 2nd period - Steven Stamkos wins face-off versus Adam Henrique in neutral zone.
1:13 of 2nd period - Jaccob Slavin is hit by Steven Stamkos and loses puck.
1:27 of 2nd period - Icing by Adam Henrique.
1:28 of 2nd period - Sean Monahan wins face-off versus Ryan Johansen in Jets zone.
1:31 of 2nd period - Snap shot by Sean Monahan.
1:31 of 2nd period - Deflect By Andreas Martinsen.
1:31 of 2nd period - Shot Blocked by Adam Henrique.
1:31 of 2nd period - Puck is out of play.
1:32 of 2nd period - Sean Monahan wins face-off versus Ryan Johansen in Jets zone.
1:33 of 2nd period - Slapshot by Viktor Arvidsson.
1:33 of 2nd period - Shot Blocked by Tyler Myers.
1:41 of 2nd period - Wrist shot by Sean Monahan.
1:41 of 2nd period - Deflect By Adam Henrique.
1:41 of 2nd period - Shot Misses the Net.
1:41 of 2nd period - Puck is out of play.
1:42 of 2nd period - Adam Henrique wins face-off versus Steven Stamkos in Jets zone.
2:09 of 2nd period - Corey Perry is hit by Mark Stone and loses puck.
2:59 of 2nd period - Icing by Nikita Kucherov.
3:00 of 2nd period - Steven Stamkos wins face-off versus Noel Acciari in Penguins zone.
3:13 of 2nd period - Snap shot by Ronalds Kenins.
3:13 of 2nd period - Shot Blocked by Steven Stamkos.
3:30 of 2nd period - Icing by Adam Henrique.
3:31 of 2nd period - Logan Couture wins face-off versus Ryan Johansen in Jets zone.
3:36 of 2nd period - Snap shot by Andrew Cogliano.
3:36 of 2nd period - Shot Blocked by Jacob Trouba.
3:38 of 2nd period - Slapshot by Travis Hamonic.
3:38 of 2nd period - Stopped by Kari Lehtonen with a rebound.
4:00 of 2nd period - Snap shot by Logan Couture.
4:00 of 2nd period - Shot Misses the Net.
4:14 of 2nd period - Snap shot by Logan Couture.
4:14 of 2nd period - Stopped by Kari Lehtonen without a rebound.
4:15 of 2nd period - Derek Stepan wins face-off versus Steven Stamkos in Jets zone.
4:29 of 2nd period - Snap shot by Marcus Foligno.
4:29 of 2nd period - Stopped by Kari Lehtonen with a rebound.
4:52 of 2nd period - Snap shot by Viktor Arvidsson.
4:52 of 2nd period - Stopped by Kari Lehtonen without a rebound.
4:53 of 2nd period - Ryan Johansen wins face-off versus Steven Stamkos in Jets zone.
5:18 of 2nd period - Keith Aulie is hit by Noel Acciari and loses puck.
5:25 of 2nd period - Alexei Marchenko is hit by Ronalds Kenins and loses puck.
5:30 of 2nd period - Wrist shot by Ronalds Kenins.
5:30 of 2nd period - Stopped by Michal Neuvirth with a rebound.
6:07 of 2nd period - Corey Perry is hit by Travis Hamonic and loses puck.
6:22 of 2nd period - Slapshot by Tyler Myers.
6:22 of 2nd period - Goal by Tyler Myers - Jets : 2 - Penguins : 1.
6:23 of 2nd period - Nino Niederreiter wins face-off versus Steven Stamkos in neutral zone.
6:46 of 2nd period - Icing by Keith Aulie.
6:47 of 2nd period - Steven Stamkos wins face-off versus Derek Stepan in Penguins zone.
6:57 of 2nd period - Wrist shot by Logan Couture.
6:57 of 2nd period - Stopped by Kari Lehtonen with a rebound.
7:13 of 2nd period - Tyler Myers is hit by Keith Aulie.
7:21 of 2nd period - Snap shot by Marcus Foligno.
7:21 of 2nd period - Shot Misses the Net.
7:53 of 2nd period - Marco Scandella is hit by Alexei Marchenko and loses puck.
8:07 of 2nd period - Minor Penalty to Andreas Martinsen for Hooking.
8:08 of 2nd period - Logan Couture wins face-off versus Ryan Johansen in Penguins zone.
8:34 of 2nd period - Logan Couture is hit by Derek Stepan and loses puck.
10:07 of 2nd period - Penalty to Andreas Martinsen is over, Andreas Martinsen is back on ice.
10:18 of 2nd period - Alexei Marchenko is hit by Nikolaj Ehlers and loses puck.
11:08 of 2nd period - Snap shot by Andrew Cogliano.
11:08 of 2nd period - Stopped by Kari Lehtonen without a rebound.
11:09 of 2nd period - Logan Couture wins face-off versus Derek Stepan in Jets zone.
11:22 of 2nd period - Wrist shot by Andrew Cogliano.
11:22 of 2nd period - Shot Misses the Net.
11:53 of 2nd period - Jaccob Slavin is hit by Andreas Martinsen and loses puck.
11:58 of 2nd period - Wrist shot by Sean Monahan.
11:58 of 2nd period - Deflect By Andreas Martinsen.
11:58 of 2nd period - Stopped by Kari Lehtonen with a rebound.
12:04 of 2nd period - Snap shot by Sean Monahan.
12:04 of 2nd period - Stopped by Kari Lehtonen without a rebound.
12:05 of 2nd period - Derek Stepan wins face-off versus Logan Couture in Jets zone.
12:12 of 2nd period - Slapshot by Derek Stepan.
12:12 of 2nd period - Stopped by Michal Neuvirth without a rebound.
12:13 of 2nd period - Logan Couture wins face-off versus Derek Stepan in Penguins zone.
12:20 of 2nd period - Slapshot by Tyler Myers.
12:20 of 2nd period - Shot Blocked by Mark Stone.
12:28 of 2nd period - Slapshot by Andrew Cogliano.
12:28 of 2nd period - Stopped by Kari Lehtonen without a rebound.
12:29 of 2nd period - Ryan Johansen wins face-off versus Steven Stamkos in Jets zone.
13:04 of 2nd period - Snap shot by Mark Stone.
13:04 of 2nd period - Shot Hit the Post.
13:20 of 2nd period - Snap shot by Danny DeKeiser.
13:20 of 2nd period - Stopped by Kari Lehtonen with a rebound.
13:24 of 2nd period - Slapshot by Sean Monahan.
13:24 of 2nd period - Stopped by Kari Lehtonen with a rebound.
13:26 of 2nd period - Wrist shot by Andreas Martinsen.
13:26 of 2nd period - Stopped by Kari Lehtonen with a rebound.
13:28 of 2nd period - Slapshot by Keith Aulie.
13:28 of 2nd period - Deflect By Viktor Arvidsson.
13:28 of 2nd period - Stopped by Kari Lehtonen with a rebound.
14:35 of 2nd period - Slapshot by Andrew Cogliano.
14:35 of 2nd period - Shot Misses the Net.
14:37 of 2nd period - Snap shot by Mark Stone.
14:37 of 2nd period - Goal by Mark Stone - Jets : 2 - Penguins : 2.
14:38 of 2nd period - Steven Stamkos wins face-off versus Ryan Johansen in neutral zone.
14:41 of 2nd period - Slapshot by Adam Henrique.
14:41 of 2nd period - Shot Misses the Net.
14:43 of 2nd period - Snap shot by Jacob Trouba.
14:43 of 2nd period - Shot Misses the Net.
14:45 of 2nd period - Snap shot by Nino Niederreiter.
14:45 of 2nd period - Shot Blocked by Sean Zimmerman.
14:47 of 2nd period - Slapshot by Jacob Trouba.
14:47 of 2nd period - Deflect By Nino Niederreiter.
14:47 of 2nd period - Stopped by Michal Neuvirth without a rebound.
14:48 of 2nd period - Ryan Johansen wins face-off versus Steven Stamkos in Penguins zone.
14:48 of 2nd period - Ryan Johansen is hit by Sean Zimmerman.
14:52 of 2nd period - Wrist shot by Adam Henrique.
14:52 of 2nd period - Deflect By Nino Niederreiter.
14:52 of 2nd period - Stopped by Michal Neuvirth without a rebound.
14:53 of 2nd period - Nikita Kucherov wins face-off versus Ryan Johansen in Penguins zone.
14:59 of 2nd period - Off-side.
15:00 of 2nd period - Nino Niederreiter wins face-off versus Steven Stamkos in neutral zone.
15:15 of 2nd period - Snap shot by Steven Stamkos.
15:15 of 2nd period - Stopped by Kari Lehtonen with a rebound.
15:35 of 2nd period - Wrist shot by Nikita Kucherov.
15:35 of 2nd period - Shot Blocked by Marco Scandella.
15:37 of 2nd period - Wrist shot by Nikita Kucherov.
15:37 of 2nd period - Shot Blocked by Marco Scandella.
15:49 of 2nd period - Snap shot by Steven Stamkos.
15:49 of 2nd period - Stopped by Kari Lehtonen with a rebound.
15:51 of 2nd period - Slapshot by Travis Hamonic.
15:51 of 2nd period - Shot Misses the Net.
15:53 of 2nd period - Snap shot by Steven Stamkos.
15:53 of 2nd period - Stopped by Kari Lehtonen with a rebound.
15:55 of 2nd period - Wrist shot by Marcus Foligno.
15:55 of 2nd period - Stopped by Kari Lehtonen with a rebound.
16:31 of 2nd period - Snap shot by Ryan Johansen.
16:31 of 2nd period - Stopped by Michal Neuvirth without a rebound.
16:32 of 2nd period - Logan Couture wins face-off versus Derek Stepan in Penguins zone.
17:10 of 2nd period - Wrist shot by Erik Haula.
17:10 of 2nd period - Shot Hit the Post.
17:30 of 2nd period - Wrist shot by Sean Monahan.
17:30 of 2nd period - Stopped by Kari Lehtonen with a rebound.
18:00 of 2nd period - Logan Couture is hit by Erik Haula and loses puck.
18:27 of 2nd period - Snap shot by Ronalds Kenins.
18:27 of 2nd period - Shot Misses the Net.
18:29 of 2nd period - Snap shot by Noel Acciari.
18:29 of 2nd period - Shot Misses the Net.
19:10 of 2nd period - Frank Vatrano is hit by Andreas Martinsen and loses puck.
19:47 of 2nd period - Snap shot by Marcus Johansson.
19:47 of 2nd period - Shot Misses the Net.
19:49 of 2nd period - Slapshot by Derek Stepan.
19:49 of 2nd period - Stopped by Michal Neuvirth without a rebound.
19:50 of 2nd period - Steven Stamkos wins face-off versus Erik Haula in Penguins zone.
Goals for this period are 1 for Jets vs 1 for Penguins.
Shots for this period are 7 for Jets vs 19 for Penguins.

3rd period


0:01 of 3rd period - Steven Stamkos wins face-off versus Ryan Johansen in neutral zone.
0:14 of 3rd period - Off-side.
0:15 of 3rd period - Derek Stepan wins face-off versus Logan Couture in neutral zone.
0:43 of 3rd period - Minor Penalty to Sean Zimmerman for Hooking.
0:44 of 3rd period - Ryan Johansen wins face-off versus Logan Couture in Penguins zone.
0:47 of 3rd period - Wrist shot by Adam Henrique.
0:47 of 3rd period - Goal by Adam Henrique - Jets : 3 - Penguins : 2.
0:48 of 3rd period - Steven Stamkos wins face-off versus Ryan Johansen in neutral zone.
1:07 of 3rd period - Steven Stamkos is hit by Tyler Myers and loses puck.
1:40 of 3rd period - Slapshot by Nikita Kucherov.
1:40 of 3rd period - Stopped by Kari Lehtonen without a rebound.
1:41 of 3rd period - Derek Stepan wins face-off versus Andrew Cogliano in Jets zone.
1:46 of 3rd period - Slapshot by Derek Stepan.
1:46 of 3rd period - Stopped by Michal Neuvirth with a rebound.
1:54 of 3rd period - Snap shot by Logan Couture.
1:54 of 3rd period - Stopped by Kari Lehtonen with a rebound.
1:56 of 3rd period - Wrist shot by Logan Couture.
1:56 of 3rd period - Stopped by Kari Lehtonen with a rebound.
1:58 of 3rd period - Snap shot by Logan Couture.
1:58 of 3rd period - Deflect By Andrew Cogliano.
1:58 of 3rd period - Shot Blocked by Jaccob Slavin.
1:58 of 3rd period - Puck is out of play.
1:59 of 3rd period - Ryan Johansen wins face-off versus Joe Colborne in Jets zone.
2:06 of 3rd period - Snap shot by Thomas Vanek.
2:06 of 3rd period - Stopped by Kari Lehtonen with a rebound.
2:14 of 3rd period - Snap shot by Thomas Vanek.
2:14 of 3rd period - Stopped by Kari Lehtonen with a rebound.
2:16 of 3rd period - Slapshot by Danny DeKeiser.
2:16 of 3rd period - Shot Misses the Net.
3:18 of 3rd period - Snap shot by Sean Monahan.
3:18 of 3rd period - Shot Misses the Net.
3:24 of 3rd period - Andreas Martinsen is hit by Ronalds Kenins.
3:40 of 3rd period - Slapshot by Ryan Johansen.
3:40 of 3rd period - Shot Misses the Net.
3:43 of 3rd period - Icing by Keith Aulie.
3:44 of 3rd period - Derek Stepan wins face-off versus Joe Colborne in Penguins zone.
3:50 of 3rd period - Keith Aulie is hit by Jaccob Slavin and loses puck.
4:04 of 3rd period - Icing by Corey Perry.
4:05 of 3rd period - Derek Stepan wins face-off versus Steven Stamkos in Jets zone.
4:22 of 3rd period - Wrist shot by Corey Perry.
4:22 of 3rd period - Stopped by Michal Neuvirth with a rebound.
4:24 of 3rd period - Slapshot by Jacob Trouba.
4:24 of 3rd period - Deflect By Marcus Foligno.
4:24 of 3rd period - Stopped by Michal Neuvirth with a rebound.
4:26 of 3rd period - Snap shot by Corey Perry.
4:26 of 3rd period - Stopped by Michal Neuvirth without a rebound.
4:27 of 3rd period - Logan Couture wins face-off versus Ryan Johansen in Penguins zone.
5:47 of 3rd period - Snap shot by Ronalds Kenins.
5:47 of 3rd period - Deflect By Frank Vatrano.
5:47 of 3rd period - Goal by Frank Vatrano - Jets : 4 - Penguins : 2.
5:48 of 3rd period - Ryan Johansen wins face-off versus Steven Stamkos in neutral zone.
5:53 of 3rd period - Steven Stamkos is hit by Jaccob Slavin and loses puck.
6:14 of 3rd period - Derek Stepan is hit by Keith Aulie and loses puck.
6:21 of 3rd period - Slapshot by Jacob Trouba.
6:21 of 3rd period - Deflect By Marcus Johansson.
6:21 of 3rd period - Shot Misses the Net.
6:21 of 3rd period - Puck is out of play.
6:22 of 3rd period - Derek Stepan wins face-off versus Steven Stamkos in Penguins zone.
6:46 of 3rd period - Icing by Robert Hagg.
6:47 of 3rd period - Logan Couture wins face-off versus Ryan Johansen in Jets zone.
6:48 of 3rd period - Wrist shot by Andrew Cogliano.
6:48 of 3rd period - Stopped by Kari Lehtonen without a rebound.
6:49 of 3rd period - Ryan Johansen wins face-off versus Logan Couture in Jets zone.
7:06 of 3rd period - Slapshot by Nino Niederreiter.
7:06 of 3rd period - Shot Blocked by Danny DeKeiser.
7:52 of 3rd period - Wrist shot by Nikolaj Ehlers.
7:52 of 3rd period - Stopped by Michal Neuvirth with a rebound.
7:54 of 3rd period - Slapshot by Nikolaj Ehlers.
7:54 of 3rd period - Shot Misses the Net.
7:56 of 3rd period - Wrist shot by Kevin Hayes.
7:56 of 3rd period - Stopped by Michal Neuvirth without a rebound.
7:57 of 3rd period - Ryan Johansen wins face-off versus Logan Couture in Penguins zone.
7:58 of 3rd period - Slapshot by Adam Henrique.
7:58 of 3rd period - Deflect By Ryan Johansen.
7:58 of 3rd period - Stopped by Michal Neuvirth without a rebound.
7:59 of 3rd period - Ryan Johansen wins face-off versus Logan Couture in Penguins zone.
8:15 of 3rd period - Wrist shot by Ryan Johansen.
8:15 of 3rd period - Goal by Ryan Johansen - Jets : 5 - Penguins : 2.
8:16 of 3rd period - Steven Stamkos wins face-off versus Ryan Johansen in neutral zone.
8:28 of 3rd period - Wrist shot by Nikita Kucherov.
8:28 of 3rd period - Stopped by Kari Lehtonen without a rebound.
8:29 of 3rd period - Steven Stamkos wins face-off versus Ryan Johansen in Jets zone.
8:40 of 3rd period - Wrist shot by Steven Stamkos.
8:40 of 3rd period - Stopped by Kari Lehtonen without a rebound.
8:41 of 3rd period - Ryan Johansen wins face-off versus Steven Stamkos in Jets zone.
8:48 of 3rd period - Backhand shot by Ryan Johansen.
8:48 of 3rd period - Shot Misses the Net.
8:50 of 3rd period - Wrist shot by Ryan Johansen.
8:50 of 3rd period - Stopped by Michal Neuvirth with a rebound.
8:52 of 3rd period - Slapshot by Jacob Trouba.
8:52 of 3rd period - Shot Blocked by Steven Stamkos.
8:54 of 3rd period - Snap shot by Ryan Johansen.
8:54 of 3rd period - Goal by Ryan Johansen - Jets : 6 - Penguins : 2.
8:55 of 3rd period - Ryan Johansen wins face-off versus Steven Stamkos in neutral zone.
9:29 of 3rd period - Snap shot by Corey Perry.
9:29 of 3rd period - Shot Blocked by Sean Zimmerman.
10:07 of 3rd period - Eric Gryba is hit by Frank Vatrano and loses puck.
10:22 of 3rd period - Minor Penalty to Alexei Marchenko for Hooking.
10:23 of 3rd period - Logan Couture wins face-off versus Nino Niederreiter in Penguins zone.
11:28 of 3rd period - Sean Zimmerman is hit by Derek Stepan.
12:22 of 3rd period - Penalty to Alexei Marchenko is over, Alexei Marchenko is back on ice.
12:32 of 3rd period - Thomas Vanek is hit by Jacob Trouba and loses puck.
12:41 of 3rd period - Michael Matheson is hit by Eric Gryba and loses puck.
12:42 of 3rd period - Michael Matheson from Jets is injured at 12:42 of 3rd period (Bruised Left Shoulder).
12:43 of 3rd period - Ryan Johansen wins face-off versus Marcus Foligno in Jets zone.
13:40 of 3rd period - Wrist shot by Thomas Vanek.
13:40 of 3rd period - Shot Blocked by Jacob Trouba.
13:42 of 3rd period - Slapshot by Sean Zimmerman.
13:42 of 3rd period - Shot Blocked by Jacob Trouba.
14:36 of 3rd period - Off-side.
14:37 of 3rd period - Logan Couture wins face-off versus Derek Stepan in neutral zone.
15:00 of 3rd period - Snap shot by Mark Stone.
15:00 of 3rd period - Stopped by Kari Lehtonen without a rebound.
15:01 of 3rd period - Steven Stamkos wins face-off versus Ryan Johansen in Jets zone.
16:05 of 3rd period - Slapshot by Erik Haula.
16:05 of 3rd period - Shot Blocked by Alexei Marchenko.
16:07 of 3rd period - Minor Penalty to Joe Colborne for Tripping.
16:08 of 3rd period - Ryan Johansen wins face-off versus Logan Couture in Penguins zone.
16:14 of 3rd period - Off-side.
16:15 of 3rd period - Logan Couture wins face-off versus Ryan Johansen in neutral zone.
17:07 of 3rd period - Nino Niederreiter is hit by Sean Zimmerman and loses puck.
17:13 of 3rd period - Off-side.
17:14 of 3rd period - Derek Stepan wins face-off versus Logan Couture in neutral zone.
17:17 of 3rd period - Snap shot by Corey Perry.
17:17 of 3rd period - Shot Misses the Net.
17:19 of 3rd period - Slapshot by Jacob Trouba.
17:19 of 3rd period - Shot Blocked by Danny DeKeiser.
17:21 of 3rd period - Wrist shot by Derek Stepan.
17:21 of 3rd period - Stopped by Michal Neuvirth without a rebound.
17:22 of 3rd period - Derek Stepan wins face-off versus Logan Couture in Penguins zone.
17:23 of 3rd period - Snap shot by Marcus Johansson.
17:23 of 3rd period - Stopped by Michal Neuvirth without a rebound.
17:24 of 3rd period - Logan Couture wins face-off versus Derek Stepan in Penguins zone.
17:33 of 3rd period - Slapshot by Tyler Myers.
17:33 of 3rd period - Stopped by Michal Neuvirth without a rebound.
17:34 of 3rd period - Logan Couture wins face-off versus Ryan Johansen in Penguins zone.
17:34 of 3rd period - Logan Couture is hit by Jaccob Slavin.
17:46 of 3rd period - Snap shot by Marcus Foligno.
17:46 of 3rd period - Stopped by Kari Lehtonen with a rebound.
18:00 of 3rd period - Logan Couture is hit by Corey Perry and loses puck.
18:05 of 3rd period - Slapshot by Corey Perry.
18:05 of 3rd period - Shot Blocked by Logan Couture.
18:07 of 3rd period - Penalty to Joe Colborne is over, Joe Colborne is back on ice.
18:11 of 3rd period - Wrist shot by Marcus Johansson.
18:11 of 3rd period - Stopped by Michal Neuvirth without a rebound.
18:12 of 3rd period - Ryan Johansen wins face-off versus Joe Colborne in Penguins zone.
18:15 of 3rd period - Wrist shot by Ryan Johansen.
18:15 of 3rd period - Shot Blocked by Danny DeKeiser.
18:30 of 3rd period - Minor Penalty to Keith Aulie for Hooking.
18:31 of 3rd period - Ryan Johansen wins face-off versus Logan Couture in Penguins zone.
18:41 of 3rd period - Slapshot by Adam Henrique.
18:41 of 3rd period - Stopped by Michal Neuvirth with a rebound.
18:53 of 3rd period - Minor Penalty to Marcus Foligno for Tripping.
18:54 of 3rd period - Logan Couture wins face-off versus Ryan Johansen in Penguins zone.
19:03 of 3rd period - Slapshot by Marco Scandella.
19:03 of 3rd period - Stopped by Michal Neuvirth without a rebound.
19:04 of 3rd period - Ryan Johansen wins face-off versus Logan Couture in Penguins zone.
19:55 of 3rd period - Snap shot by Adam Henrique.
19:55 of 3rd period - Stopped by Michal Neuvirth with a rebound.
Goals for this period are 4 for Jets vs 0 for Penguins.
Shots for this period are 19 for Jets vs 10 for Penguins.